 Dungeon Crawl Stone Soup version 0.30-a0-996-ga6910c8ee8 (webtiles) character file.

Game seed: 15330505395199662855

18067 GigaChad the Fencer (level 12, -3/95 HPs)
             Began as a Minotaur Fighter on Apr 4, 2023.
             Was a High Priest of Hepliaklqana.
             Killed from afar by a tengu reaver (51 damage)
             ... with a bolt of fire
             ... on level 11 of the Dungeon on Apr 5, 2023.
             The game lasted 00:31:56 (12206 turns).

GigaChad the Fencer (Minotaur Fighter)             Turns: 12206, Time: 00:31:56

Health: -3/95      AC: 15    Str: 26    XL:     12   Next: 24%
Magic:  11/11      EV:  7    Int:  5    God:    Hepliaklqana [*****.]
Gold:   570        SH: 11    Dex: 10    Spells: 11/11 levels left

rFire   . . .      SeeInvis .    e - +7 Throatcutter {drain, coup de grace}
rCold   . . .      Faith    .    I - +0 kite shield
rNeg    + . .      Spirit   .    K - +0 chain mail
rPois   +          Reflect  .    (helmet restricted)
rElec   .          Rampage  .    x - +2 cloak
rCorr   .                        (no gloves)
Will    .....                    (no boots) Stlth
                                 g - amulet of the acrobat
HPRegen 0.35/turn                M - ring of poison resistance
MPRegen 0.12/turn                j - ring of positive energy

@: studying Long Blades
A: reduced essence, horns 2, retaliatory headbutt
a: Renounce Religion, Recall Ancestor, Ancestor Identity, Transference, Idealise


You were on level 11 of the Dungeon.
You worshipped Hepliaklqana.
Hepliaklqana was extremely pleased with you.
You visited 2 branches of the dungeon, and saw 12 of its levels.
You visited the Abyss 1 time.

You collected 570 gold pieces.

Inventory:

Hand Weapons
 a - a +3 war axe
 e - the +7 Throatcutter (weapon) {drain, coup de grace}
   (You took it off Terence on level 3 of the Dungeon)
Missiles
 u - 2 throwing nets (quivered)
Armour
 b - a +0 scale mail
 c - a +2 buckler
 x - a +2 cloak (worn)
 I - a +0 kite shield (worn)
 K - a +0 chain mail (worn)
Jewellery
 g - an amulet of the acrobat (around neck)
 j - a ring of positive energy (right hand)
 v - a ring of protection from cold
 z - a ring of willpower
 H - a ring of protection from cold
 L - a ring of resist corrosion
 M - a ring of poison resistance (left hand)
 N - a +6 ring of intelligence
 O - a ring of poison resistance
Wands
 l - a wand of iceblast (18)
 s - a wand of flame (55)
 w - a wand of mindburst (9)
 D - a wand of polymorph (13)
 F - a wand of acid (11)
Scrolls
 h - 5 scrolls of amnesia
 k - a scroll of butterflies
 y - 2 scrolls of identify
 A - 2 scrolls of blinking
 E - 2 scrolls of poison
 G - a scroll of magic mapping
 J - a scroll of fear
Potions
 d - 2 potions of might
 f - a potion of cancellation {unknown}
 i - 4 potions of degeneration {unknown}
 m - 2 potions of brilliance
 n - 2 potions of mutation {unknown}
 o - 2 potions of lignification {unknown}
 p - 3 potions of heal wounds {unknown}
 q - 2 potions of haste
 r - 2 potions of berserk rage {unknown}
 t - 4 potions of curing
 B - 2 potions of attraction {unknown}
 C - 2 potions of magic {unknown}


   Skills:
 + Level 10.0 Fighting
 * Level 18.8 Long Blades
 - Level 3.4 Axes
 + Level 11.3 Armour
 - Level 0.2 Dodging
 + Level 2.6 Stealth
 * Level 11.2 Shields


You had 11 spell levels left.
You didn't know any spells.
Your spell library contained the following spells:

 Spells                   Type           Power      Damage    Failure   Level
 Animate Armour           Summ/Erth      0%         N/A       100%        4
 Blade Hands              Tmut           0%         N/A       100%        5
 Iron Shot                Conj/Erth      0%         9d1       100%        6


Dungeon Overview and Level Annotations

Branches:
Dungeon (11/15)            Temple (1/1) D:4            Lair (0/5) D:9
    Orc: D:9-12

Altars:
Ashenzari
Cheibriados
Dithmenos
Elyvilon
Fedhas
Gozag
Hepliaklqana
Kikubaaqudgha
Makhleb
Nemelex Xobeh
Okawaru
Qazlal
Ru
Sif Muna
Trog
Uskayaw
Vehumet
Wu Jian
Xom
Yredelemnul
Zin
The Shining One

Shops:
D:1 :   D:10 (

Annotations:
D:3 1 runed translucent door, Maxmaps's ghost, amateur DsTm


Innate Abilities, Weirdness & Mutations

Your life essence is reduced to manifest your ancestor. (-10% HP)
You have a pair of horns on your head.
You reflexively headbutt those who attack you in melee.


Message History

There is a dry fountain here.
There is a gateway leading out of the Abyss here.
You pass through the gate.
Welcome back to the Dungeon!
The deep elf sorcerer casts a spell at you.
The sphere of damnation explodes!
The damnation engulfs you!!
The damnation engulfs Thel 'Vadum!!
The tengu reaver points at you and mumbles some strange words.
The bolt of poison hits you. You resist.
There is a fountain of sparkling water here.
The deep elf sorcerer points at you and mumbles some strange words.
You resist the pull of the Abyss.
Things that are here:
a +0 robe; a +0 club; an ogre corpse Unknown command.
You barely miss the deep elf sorcerer. You headbutt the deep elf sorcerer!
The deep elf sorcerer is lightly wounded.
The deep elf sorcerer hits you with a +3 long sword of electrocution.
Unknown command.
You slash the deep elf sorcerer! You drain the deep elf sorcerer.
You headbutt the deep elf sorcerer.
The deep elf sorcerer is heavily wounded.
The tengu reaver hits you with a +0 dire flail of protection!
You block the tengu reaver's attack. The tengu reaver claws you.
The deep elf sorcerer completely misses you.
You furiously retaliate!
You headbutt the deep elf sorcerer! You slash the deep elf sorcerer!
Your headbutt misses the deep elf sorcerer.
The deep elf sorcerer is almost dead.
The tengu reaver hits you with a +0 dire flail of protection.
The tengu reaver barely misses you.
The tengu reaver claws you but does no damage.
The deep elf sorcerer points at you and mumbles some strange words.
You resist the pull of the Abyss.
You barely miss the deep elf sorcerer.
The deep elf sorcerer is almost dead.
The tengu reaver gestures at you while chanting.
The bolt of fire hits you!!!
Ouch! That really hurt!
You die...

####### #..Q..#
#e@#.Q# +.#⌠#.+
#..#..# #.....#
####### ###'###
#⌠..... #.# #......
######'###### #.##.##
#≈≈≈≈≈~≈≈≈≈≈# #......
#≈##.....##≈####......


You could see a tengu reaver and a deep elf sorcerer (drained).

Vanquished Creatures
  2 two-headed ogres
  6 death yaks (D:9)
  A wizard (D:11)
  Pikel (D:9)
  An ugly thing (D:6)
  4 deep elf pyromancers (D:11)
  A manticore (D:11)
  An orc sorcerer (D:11)
  A gargoyle (D:10)
  An unseen horror (D:11)
  2 kobold demonologists (D:11)
  3 tengu conjurers (D:11)
  2 trolls
  Sigmund (D:3)
  A wraith (D:11)
  A wyvern (D:8)
  Eustachio (D:5)
  A basilisk (D:10)
  9 yaks
  Menkaure (D:6)
  Edmund (D:5)
  3 water moccasins
  An orc warrior (D:9)
  A black bear (D:4)
  A sky beast (D:8)
  4 centaurs
  2 ogres
  2 lemures (D:9)
  A kobold brigand (D:10)
  2 scorpions (D:5)
  4 bullfrogs
  3 wights (D:8)
  Dowan (D:7)
  3 killer bees (D:8)
  A howler monkey (D:11)
  4 hounds
  2 jellies
  2 orc priests
  3 sleepcaps
  Terence (D:3)
  4 iguanas
  Ijyb (D:5)
  6 orc wizards
  5 adders
  5 gnolls
  2 shadow imps
  2 white imps (D:6)
  An ufetubus (D:7)
  A worm (D:4)
  A dart slug (D:1)
  15 orcs
  7 endoplasms
  6 giant cockroaches
  2 goblins
  7 hobgoblins
  7 jackals
  5 quokkas
  13 ball pythons
  3 bats (D:3)
  6 frilled lizards
  9 kobolds
  9 rats
200 creatures vanquished.

Vanquished Creatures (collateral kills)
  A wizard (D:11)
  A deep elf pyromancer (D:11)
  A kobold demonologist (D:11)
  A tengu conjurer (D:11)
  A troll (D:9)
  A vampire (D:11)
  A yak (D:10)
  An orc warrior (D:11)
  Duvessa (D:7)
  A lemure (D:9)
  A wight (D:8)
  3 killer bees (D:8)
  4 howler monkeys (D:11)
  A hound (D:7)
  A gnoll bouda (D:8)
  2 iguanas
  A sleepcap (D:8)
  5 orc wizards
  A gnoll (D:8)
  An ufetubus (D:5)
  12 orcs
  3 kobolds (D:10)
45 creatures vanquished.

Vanquished Creatures (others)
  An ogre mage (D:11)
  A kobold demonologist (D:11)
  A tengu conjurer (D:11)
  3 battlemagi
  An ancestor (D:5)
7 creatures vanquished.

Grand Total: 252 creatures vanquished

Notes
Turn   | Place    | Note
-------+----------+-------------------------------------------
     0 | D:1      | GigaChad the Minotaur Fighter began the quest for the Orb.
     0 | D:1      | Reached XP level 1. HP: 19/19 MP: 0/0
   161 | D:1      | Reached XP level 2. HP: 27/27 MP: 1/1
   184 | D:1      | Found Kycwim's Vocational Training.
   376 | D:1      | You fall into a shaft and drop 1 floor!
   437 | D:2      | Reached XP level 3. HP: 27/33 MP: 2/2
   816 | D:2      | Reached XP level 4. HP: 22/41 MP: 3/3
  1382 | D:3      | Noticed Terence
  1390 | D:3      | Killed Terence
  1451 | D:3      | Reached XP level 5. HP: 47/47 MP: 4/4
  1522 | D:3      | Reached skill level 1 in Long Blades
  1525 | D:3      | Found a runed translucent door.
  1525 | D:3      | Noticed Maxmaps's ghost (amateur DsTm)
  1536 | D:3      | Found a shimmering blue altar of Sif Muna.
  1876 | D:3      | Noticed Sigmund
  1881 | D:3      | Killed Sigmund
  1882 | D:3      | Reached skill level 5 in Fighting
  1882 | D:3      | Reached skill level 2 in Long Blades
  1882 | D:3      | Reached skill level 5 in Armour
  1882 | D:3      | Reached XP level 6. HP: 50/56 MP: 5/5
  2225 | D:4      | Reached skill level 3 in Long Blades
  2225 | D:4      | Reached skill level 5 in Shields
  2459 | D:4      | Reached skill level 4 in Long Blades
  2459 | D:4      | Reached XP level 7. HP: 40/61 MP: 6/6
  2543 | D:4      | Found a staircase to the Ecumenical Temple.
  2566 | Temple   | Entered the Ecumenical Temple
  2772 | Temple   | Became a worshipper of Hepliaklqana the Forgotten
  3459 | D:4      | Reached * piety under Hepliaklqana
  3792 | D:5      | Entered Level 5 of the Dungeon
  3792 | D:5      | Noticed Edmund
  3795 | D:5      | Reached skill level 5 in Long Blades
  3804 | D:5      | Killed Edmund
  4093 | D:5      | Reached skill level 6 in Long Blades
  4093 | D:5      | Reached skill level 1 in Stealth
  4304 | D:5      | Found an iron altar of Okawaru.
  4576 | D:5      | Reached XP level 8. HP: 61/62 MP: 7/7
  4589 | D:5      | Noticed Eustachio
  4613 | D:5      | Killed Eustachio
  4614 | D:5      | Reached skill level 7 in Long Blades
  4621 | D:5      | HP: 3/63 [poisoned by Eustachio]
  4917 | D:5      | Noticed Ijyb
  4981 | D:5      | Killed Ijyb
  5450 | D:6      | Noticed Menkaure
  5452 | D:6      | Killed Menkaure
  5482 | D:6      | Found a white marble altar of Elyvilon.
  5616 | D:6      | Reached skill level 8 in Long Blades
  5687 | D:6      | Reached ** piety under Hepliaklqana
  5698 | D:6      | Remembered your ancestor Thel 'Vadum as a battlemage
  5709 | D:6      | Found an opulent altar of Gozag.
  5764 | D:6      | Noticed a green ugly thing
  5772 | D:6      | Killed a green ugly thing
  5773 | D:6      | Reached skill level 9 in Long Blades
  5773 | D:6      | Reached XP level 9. HP: 54/67 MP: 8/8
  6132 | D:6      | Found a snail-covered altar of Cheibriados.
  6132 | D:6      | Found a stormy altar of Qazlal.
  6157 | D:6      | Found an ornate altar of the Wu Jian Council.
  6496 | D:7      | Reached *** piety under Hepliaklqana
  6589 | D:7      | Noticed Duvessa
  6590 | D:7      | Noticed Dowan
  6593 | D:7      | Killed Duvessa
  6594 | D:7      | Reached skill level 10 in Long Blades
  6599 | D:7      | Killed Dowan
  7784 | D:8      | Reached skill level 11 in Long Blades
  7969 | D:8      | Found a blossoming altar of Fedhas.
  8244 | D:8      | Reached XP level 10. HP: 75/75 MP: 9/9
  8353 | D:9      | Noticed Pikel
  8363 | D:9      | Killed Pikel
  8364 | D:9      | Reached skill level 12 in Long Blades
  8868 | D:9      | Found a burning altar of Makhleb.
  8868 | D:9      | Noticed a balrug
  8872 | D:9      | Noticed a smoke demon
  8872 | D:9      | Noticed a smoke demon
  8909 | D:9      | Found a glowing golden altar of the Shining One.
  8917 | D:9      | Noticed a two-headed ogre
  8922 | D:9      | Killed a two-headed ogre
  8923 | D:9      | Reached skill level 13 in Long Blades
  9014 | D:9      | Reached **** piety under Hepliaklqana
  9129 | D:9      | Noticed a death yak
  9130 | D:9      | Found a staircase to the Lair.
  9130 | D:9      | Noticed a death yak
  9130 | D:9      | Noticed a death yak
  9130 | D:9      | Noticed a death yak
  9130 | D:9      | Noticed a death yak
  9130 | D:9      | Noticed a death yak
  9157 | D:9      | Killed a death yak
  9158 | D:9      | Reached skill level 14 in Long Blades
  9168 | D:9      | Killed a death yak
  9169 | D:9      | Reached skill level 15 in Long Blades
  9171 | D:9      | Killed a death yak
  9174 | D:9      | Killed a death yak
  9175 | D:9      | Reached XP level 11. HP: 33/84 MP: 10/10
  9179 | D:9      | Killed a death yak
  9180 | D:9      | Reached skill level 16 in Long Blades
  9180 | D:9      | Reached skill level 10 in Armour
  9184 | D:9      | Killed a death yak
  9620 | D:10     | Entered Level 10 of the Dungeon
  9874 | D:10     | Reached skill level 17 in Long Blades
 10112 | D:10     | Found Fifot's Weapon Emporium.
 10647 | D:11     | Noticed a two-headed ogre
 10652 | D:11     | Killed a two-headed ogre
 10660 | D:11     | Reached skill level 18 in Long Blades
 11096 | D:11     | Reached skill level 10 in Shields
 11229 | D:11     | Noticed a deep elf pyromancer
 11231 | D:11     | Noticed a deep elf pyromancer
 11233 | D:11     | Noticed a deep elf pyromancer
 11239 | D:11     | Killed a deep elf pyromancer
 11258 | D:11     | Noticed an orc sorcerer
 11261 | D:11     | Killed a deep elf pyromancer
 11727 | D:11     | Killed a deep elf pyromancer
 11735 | D:11     | Killed an orc sorcerer
 11736 | D:11     | Reached XP level 12. HP: 78/94 MP: 11/11
 11960 | D:11     | Reached ***** piety under Hepliaklqana
 11962 | D:11     | Found a shimmering blue altar of Sif Muna.
 12001 | D:11     | Reached skill level 10 in Fighting
 12145 | D:11     | Noticed a tengu reaver
 12145 | D:11     | Noticed an ogre mage
 12146 | D:11     | Killed an ogre mage
 12147 | D:11     | Noticed a deep elf sorcerer
 12150 | Abyss:2  | Cast into level 2 of the Abyss (a deep elf sorcerer)
 12201 | D:11     | Escaped the Abyss
 12206 | D:11     | Killed from afar by a tengu reaver

Illustrated notes

Levels and vault maps discovered:
D:1:      wander_arrival_estate, layout_loops_ring, nicolae_shop_vocational
D:2:      layout_loops_cross
D:3:      layout_basic, mainiacjoe_overflow_24_doors,
          hellmonk_ghost_happy_afterlife, uniq_terence, uniq_sigmund
D:4:      layout_layer_cave, minmay_temple_entry_mist, grunt_ministairs_2,
          chequers_serial_rivers_room_b, minmay_misc_feat_doors, sigmund_army
D:5:      layout_basic, okawaru_ov_weapons_minmay, serial_co_window_serial,
          co_window_corner_a, co_window_corner_a, co_window_corner_a,
          co_window_of_opportunity_a, co_window_corner_a,
          co_window_of_opportunity_a, co_window_paths_a,
          co_window_unsneaky_path_e, co_window_corner_b,
          co_window_of_opportunity_b, co_window_paths_e, co_window_paths_d,
          glass_columns_b, glass_columns_c, glass_columns_a, glass_columns_a,
          glass_columns_c, uniq_eustachio, uniq_ijyb, uniq_edmund
D:6:      layout_loops_ring, gammafunk_temple_overflow_wave,
          nicolae_gozag_cash_rules_everything_around_me,
          nicolae_wu_jian_immortal_techniques, lemuel_coloured_pillars_altar,
          uniq_menkaure
D:7:      layout_gridville, uniq_duvessa
D:8:      layout_basic, kennysheep_little_box, minmay_manual_mandibuliform
D:9:      layout_gridville, makhleb_altar_promises_db,
          mainiacjoe_overflow_surrounded_room, dpeg_lair_monsters, uniq_pikel
D:10:     layout_roguey, serial_shops, nicolae_shop_behind_doors
D:11:     evilmike_library_of_no_secrets, layout_long_grid
Temple:   hellmonk_temple_forest_ring

Skill      XL: |  1  2  3  4  5  6  7  8  9 10 11 12 |
---------------+-------------------------------------+-----
Armour         | 4 5 6 7 8 9 11 | 11.3
Shields        | 4 5 6 7 9 10 11 | 11.2
Fighting       | 4 5 6 7 9 10 | 10.0
Axes           | 3 |  3.4
Long Blades    | 2 4 6 9 11 15 18 | 18.8
Stealth        | 1 2 |  2.6
Dodging        | |  0.2

Action                     |  1- 3 |  4- 6 |  7- 9 | 10-12 || total
---------------------------+-------+-------+-------+-------++-------
  Melee: War axe           |    76 |    30 |       |       ||   106
         Headbutt          |    10 |    12 |    30 |    55 ||   107
         Long sword        |       |    48 |   182 |   213 ||   443
 Invoke: Ancestor Identity |       |       |     1 |       ||     1
         Ancestor Life: Ba |       |       |     1 |       ||     1
  Evoke: Wand              |       |       |       |     1 ||     1
    Use: Scroll            |       |     7 |     8 |     6 ||    21
         Potion            |       |       |     4 |       ||     4
   Stab: Distracted        |       |       |     1 |     5 ||     6
 Armour: Scale mail        |    28 |    25 |    91 |    33 ||   177
         Chain mail        |       |       |       |    56 ||    56
  Dodge: Dodged            |    41 |    33 |    94 |    61 ||   229
  Block: Buckler           |    16 |    17 |    67 |    16 ||   116
         Kite shield       |       |       |       |    53 ||    53

Table legend: (Time is in decaauts)
 A = Elapsed time spent in this place.
 B = Non-inter-level travel time spent in this place.
 C = Inter-level travel time spent in this place.
 D = Time resting spent in this place.
 E = Time spent auto-exploring this place.
 F = Levels seen in this place.
 G = Mean time per level.
                   A        B        C        D        E       F      G
               +--------+--------+--------+--------+--------+-----+--------+
         Total |  12229 |  11949 |    280 |   2261 |   7661 |  13 |  940.7 |
       Dungeon |  11951 |  11688 |    263 |   2261 |   7530 |  11 | 1086.5 |
        Temple |    225 |    208 |     17 |      0 |    131 |   1 |  225.0 |
         Abyss |     51 |     51 |      0 |      0 |      0 |   1 |   51.0 |
               +--------+--------+--------+--------+--------+-----+--------+

Top non-repeatable levels by time:
    D:11: 1850 daAuts
     D:5: 1663 daAuts
     D:4: 1518 daAuts
     D:7: 1421 daAuts
     D:9: 1265 daAuts
     D:3: 922 daAuts
     D:2: 802 daAuts
     D:6: 770 daAuts
     D:8: 689 daAuts
    D:10: 659 daAuts
     D:1: 387 daAuts
  Temple: 225 daAuts
 Abyss:2: 51 daAuts
